 Dungeon Crawl Stone Soup version 0.30-a0-585-g93115170b9 (webtiles) character file.

Game seed: 3407237879482361735

58 experimilk the Conjurer (level 3, -8/25 (26) HPs)
             Began as a Draconian Conjurer on Jan 1, 2023.
             Mangled by Crazy Yiuf
             ... wielding a +4 quarterstaff of chaos
              (10 damage)
             ... on level 2 of the Dungeon.
             The game lasted 00:04:12 (2185 turns).

experimilk the Conjurer (Draconian Conjurer)        Turns: 2185, Time: 00:04:12

HP:   -8/25 (26)    AC:  5    Str:  9    XL:     3   Next: 76%
MP:   0/7           EV: 12    Int: 20    God:
Gold: 76            SH:  0    Dex:  9    Spells: 4/7 levels left

rFire   . . .      SeeInvis .    d - +0 short sword
rCold   . . .      Faith    .    (no shield)
rNeg    . . .      Spirit   .    (body armour unavailable)
rPois   .          Reflect  .    (helmet restricted)
rElec   .          Harm     .    (no cloak)
rCorr   .          Rampage  .    (no gloves)
Will    .....                    (no boots)
Stlth   ++                       (no amulet)
HPRegen 0.24/turn                (no ring)
MPRegen 0.10/turn                (no ring)

@: lightly drained
A: AC +5, unfitting armour, cold-blooded
a: no special abilities


You were on level 2 of the Dungeon.
You visited 1 branch of the dungeon, and saw 2 of its levels.

You collected 76 gold pieces.

Inventory:

Hand Weapons
 d - a +0 short sword (weapon)
Scrolls
 b - a scroll of magic mapping
 c - 3 scrolls of identify {unknown}
Potions
 a - a potion of magic
 e - a potion of heal wounds {unknown}
 f - 2 potions of flight {unknown}
 g - 2 potions of brilliance {unknown}
 h - a potion of degeneration {unknown}
 i - a potion of mutation {unknown}


   Skills:
 - Level 1.7 Dodging
 - Level 1.7 Stealth
 + Level 2.8 Spellcasting
 - Level 5.0 Conjurations


You had 4 spell levels left.
You knew the following spells:

 Your Spells              Type           Power      Damage    Failure   Level
a - Magic Dart            Conj           88%        1d7       1%          1
z - Searing Ray           Conj           44%        2d6       2%          2

Your spell library contained the following spells:

 Spells                   Type           Power      Damage    Failure   Level
 Dazzling Flash           Conj/Hex       24%        N/A       16%         3
 Fulminant Prism          Conj/Hex       6%         3d7       45%         4
 Iskenderun's Mystic Bla  Conj/Tloc      12%        2d5       45%         4


Dungeon Overview and Level Annotations

Branches:
Dungeon (2/15)

Altars:
Okawaru

Annotations:
D:2 Crazy Yiuf


Innate Abilities, Weirdness & Mutations

Your plain brown scales are hard. (AC +5)
You cannot fit into any form of body armour.
You are cold-blooded and may be slowed by cold attacks.


Message History

You now have 76 gold pieces (gained 10).
c - 3 scrolls labelled RUDOMA IMISAUCH (gained 1)
Found an iron altar of Okawaru.
There is an iron altar of Okawaru here.
There is a stone staircase leading down here.
g - 2 sedimented clear potions (gained 1)
Found a scale mail.
You see here a +0 sling.
You see here a +0 sling.
You see here a +0 sling.
Found a hammer.
Found a runed translucent door.
Crazy Yiuf shouts!
Crazy Yiuf grits, "Snower sing hog!"
Casting: Searing Ray (safe; 2% risk of failure)
Confirm with . or Enter, or press ? or * to list all spells.
Okay, then.
You open the door.
Casting: Searing Ray (safe; 2% risk of failure)
Confirm with . or Enter, or press ? or * to list all spells.
Aiming: Searing Ray (safe; 2% risk of failure)
Press: ? - help, Shift-Dir - straight line, f - Crazy Yiuf
Aim: Crazy Yiuf, wielding a +4 quarterstaff of chaos and wearing a +0 cloak (81% to hit)
The searing ray hits Crazy Yiuf!
Crazy Yiuf is moderately wounded. (Press . to maintain the ray.) Crazy Yiuf hits you with a +4 quarterstaff of chaos.
You feel drained.
The searing ray misses Crazy Yiuf.
Crazy Yiuf hits you with a +4 quarterstaff of chaos.
You feel yourself slow down. Crazy Yiuf freezes you.
The searing ray hits Crazy Yiuf!
Crazy Yiuf is severely wounded.
Crazy Yiuf hits you with a +4 quarterstaff of chaos.
You feel your power leaking away.
Without enough magic to sustain it, your searing ray dissipates.
You feel yourself speed up.
Crazy Yiuf hits you with a +4 quarterstaff of chaos!
* * * LOW HITPOINT WARNING * * *
Crazy Yiuf hits you with a +4 quarterstaff of chaos!
You die...

#.# #..# #.#
#### #.# #.#
##### #.#
#)..# #.#
#...# ..##
##### *...*
...# #...#
*#g#* ##.#
###.### ♣@♣♣
#.###...#
♣♣.♣
#.......#
♣.♣♣
#####...###
♣♣.♣ ##....#
♣♣.♣♣ #.####
♣♣...♣
######.####
♣....♣
##.........#
##..##
...####....##
#....#


You could see Crazy Yiuf.

Vanquished Creatures
  A worm (D:2)
  4 dart slugs
  7 ball pythons
  4 bats
  2 endoplasms
  A giant cockroach (D:1)
  7 hobgoblins
  7 kobolds
  A quokka (D:1)
  4 frilled lizards (D:1)
  4 goblins
  5 rats
47 creatures vanquished.

Vanquished Creatures (others)
  2 plants (D:1)
2 creatures vanquished.

Grand Total: 49 creatures vanquished

Notes
Turn   | Place    | Note
-------+----------+-------------------------------------------
     0 | D:1      | experimilk the Draconian Conjurer began the quest for the
                  | Orb.
     0 | D:1      | Reached XP level 1. HP: 14/14 MP: 3/3
   202 | D:1      | Reached XP level 2. HP: 20/20 MP: 3/5
   205 | D:1      | Learned a level 2 spell: Searing Ray
  1041 | D:1      | Reached XP level 3. HP: 26/26 MP: 2/6
  1675 | D:2      | Found a faded altar of an unknown god.
  1791 | D:2      | Reached skill level 5 in Conjurations
  1987 | D:2      | Identified the +6 chain mail of Honesty {Stlth+}
  2103 | D:2      | Found an iron altar of Okawaru.
  2177 | D:2      | Found a runed translucent door.
  2178 | D:2      | Noticed Crazy Yiuf
  2185 | D:2      | Mangled by Crazy Yiuf

Illustrated notes

Levels and vault maps discovered:
D:1:      erik_arrival_triangle_medium, layout_rooms, serial_forest,
          infiniplex_forest_clump_diagonal, infiniplex_forest_straight_2,
          infiniplex_forest_clump_curved, infiniplex_forest_3_way,
          infiniplex_forest_fountain, infiniplex_forest_straight_3,
          infiniplex_forest_lined_room_2, infiniplex_forest_end_double,
          infiniplex_forest_end_double
D:2:      layout_loops_ring, chequers_ecumenical_altar_simple_redux,
          basic_altar, minivault_14, grunt_ministairs_11,
          uniq_crazy_yiuf_cottage

Skill      XL: |  1  2  3 |
---------------+----------+-----
Conjurations   | 5 |  5.0
Dodging        | |  1.7
Stealth        | |  1.7
Spellcasting   | |  2.8

Action                   || total
-------------------------++-------
Melee: Short sword       ||    48
       Tailslap          ||     4
 Cast: Magic Dart        ||    48
       Searing Ray       ||    19
  Use: Scroll            ||     1
Armor: Skin              ||    25
Dodge: Dodged            ||    29

Table legend: (Time is in decaauts)
 A = Elapsed time spent in this place.
 B = Non-inter-level travel time spent in this place.
 C = Inter-level travel time spent in this place.
 D = Time resting spent in this place.
 E = Time spent auto-exploring this place.
 F = Levels seen in this place.
 G = Mean time per level.
                   A        B        C        D        E       F      G
               +--------+--------+--------+--------+--------+-----+--------+
         Total |   2184 |   2167 |     17 |    130 |   1801 |   2 | 1092.0 |
       Dungeon |   2184 |   2167 |     17 |    130 |   1801 |   2 | 1092.0 |
               +--------+--------+--------+--------+--------+-----+--------+

Top non-repeatable levels by time:
     D:1: 1206 daAuts
     D:2: 978 daAuts
